 Dungeon Crawl Stone Soup version 0.17-a0-1637-g5d65775 (webtiles) character file.

2044 LilCorpsy the Shield-Bearer (level 9, -1/80 HPs)
             Began as a Deep Dwarf Fighter on Aug 7, 2015.
             Slain by an ogre
             ... wielding a +0 giant club
              (22 damage)
             ... on level 7 of the Dungeon.
             The game lasted 00:15:53 (5121 turns).

LilCorpsy the Shield-Bearer (Deep Dwarf Fighter)    Turns: 5121, Time: 00:15:53

Health: -1/80      AC: 13    Str: 22    XL:     9   Next: 4%
Magic:  9/9        EV:  5    Int: 10    God:
Gold:   278        SH: 11    Dex: 12    Spells: 0 memorised, 8 levels left

rFire  . . .     SeeInvis .     a - +1 war axe
rCold  + . .     Clarity  .     p - +0 plate armour
rNeg   . . .     SustAt   .     c - +0 shield
rPois  .         Gourm    .     (no helmet)
rElec  .         Spirit   .     (no cloak)
rCorr  .         Warding  .     (no gloves)
rMut   .         Stasis   .     (no boots)
MR     +....                    (no amulet)
Stlth  ..........               (no ring)
                                g - ring of protection from cold

@: non-regenerating, somewhat resistant to hostile enchantments, extremely
unstealthy
A: damage resistance, recharge devices, sense surroundings 2, slow healing 3
a: Device Recharging


You were on level 7 of the Dungeon.
You were near starving.

You visited 1 branch of the dungeon, and saw 7 of its levels.

You collected 278 gold pieces.

Inventory:

Hand weapons
 a - a +1 war axe (weapon)
Armour
 c - a +0 shield (worn)
 p - a +0 plate armour (worn)
Jewellery
 g - a ring of protection from cold (left hand)
Magical devices
 e - a wand of heal wounds (0)
 k - a wand of fireball (8)
 m - a wand of disintegration (16)
 t - a wand of teleportation (5)
Scrolls
 i - 5 scrolls of magic mapping
 l - a scroll of remove curse
 n - 2 scrolls of blinking
 v - a scroll of teleportation
Potions
 b - a potion of magic
 d - a potion of might
 h - 2 potions of brilliance
 j - 3 potions of curing
 q - 2 potions of flight
 u - a potion of lignification
Books
 w - a book of Flames

   Spells                             Type                      Level
   a - Flame Tongue                   Conjuration/Fire             1
   b - Throw Flame                    Conjuration/Fire             2
   c - Conjure Flame                  Conjuration/Fire             3
   d - Inner Flame                    Hexes/Fire                   3
   e - Sticky Flame                   Conjuration/Fire             4
   f - Fireball                       Conjuration/Fire             5
 x - a book of Hinderance

   Spells                             Type                      Level
   a - Confusing Touch                Hexes                        2
   b - Confuse                        Hexes                        3
   c - Gell's Gravitas                Hexes/Translocation          3
   d - Petrify                        Transmutation/Earth          4
   e - Metabolic Englaciation         Hexes/Ice                    5
Comestibles
 f - 5 bread rations
 o - a beef jerky
 r - 4 fruits


   Skills:
 + Level 4.8 Fighting
 * Level 7.1 Axes
 * Level 7.7 Armour
 * Level 7.8 Shields


You had 8 spell levels left.
You didn't know any spells.

Dungeon Overview and Level Annotations

Branches:
Dungeon (7/15)             Temple (0/1) D:4

Altars:
Ashenzari
Fedhas
Makhleb
Nemelex Xobeh
Ru
Trog
Zin

Shops:
D:4 *


Innate Abilities, Weirdness & Mutations

You are resistant to damage.
You can recharge devices by infusing magical energy.
You passively map the area around you.
You do not heal naturally.


Message History

There is an open door here.
You open the door.
There is an open door here.
You are near starving!
A giant frog comes into view.
An ogre comes into view. It is wielding a giant club.
You block the giant frog's attack.
The giant frog hits you but does no damage.
You hit the giant frog.
The giant frog is lightly wounded.
You block the giant frog's attack. x2
You slash the giant frog!
The giant frog is heavily wounded.
The giant frog barely misses you. You block the giant frog's attack.
You slash the giant frog!
You kill the giant frog!
You slash the ogre!
The ogre is moderately wounded.
The ogre hits you with a giant club!!
You die...

.........(... #...+.......###+###
............. +...#.......#....#.
............. #...#.......'....+.
..............#. ,#.......#....#.
..............###+#.......#'#####
* #..........#+#####.####. *, ,
#..........#............ ,,
,#..........#............ * , ,
#......@†..#............ , , , ,
'.....O....#............ ,
#..........#............ , ,
#.......................
*,#...................#...
**,###+#################### , * ,
, * , , ,,


You could see an ogre.

Vanquished Creatures
  2 sky beasts
  3 black bears (D:7)
  3 ogres
  2 centaurs
  5 giant frogs
  A jelly (D:6)
  2 scorpions
  A crimson imp (D:5)
  5 hounds
  4 orc priests
  An iguana (D:5)
  2 orc wizards (D:6)
  2 giant frog skeletons (D:5)
  3 worker ants
  A killer bee zombie (D:6)
  2 adders (D:2)
  A shadow imp (D:5)
  An ooze (D:2)
  An adder skeleton (D:4)
  5 worms
  5 giant geckos
  13 orcs
  4 ball pythons
  11 bats
  4 giant cockroaches
  9 goblins
  7 hobgoblins
  4 quokkas
  4 giant newts
  6 jackals
  6 kobolds
  9 rats
129 creatures vanquished.

Notes
Turn   | Place    | Note
--------------------------------------------------------------
     0 | D:1      | LilCorpsy the Deep Dwarf Fighter began the quest for the Orb.
     0 | D:1      | Reached XP level 1. HP: 20/20 MP: 1/1
    97 | D:1      | Reached XP level 2. HP: 20/27 MP: 2/2
   877 | D:1      | Reached XP level 3. HP: 7/33 MP: 3/3
  1441 | D:2      | Found a shattered altar of Ashenzari.
  1491 | D:2      | Reached skill level 4 in Armour
  1665 | D:2      | Reached XP level 4. HP: 32/42 MP: 4/4
  2119 | D:3      | Reached XP level 5. HP: 29/49 MP: 5/5
  2567 | D:3      | Found a burning altar of Makhleb.
  2606 | D:4      | Noticed a sky beast
  2656 | D:4      | Killed a sky beast
  2656 | D:4      | Reached skill level 5 in Shields
  2656 | D:4      | Reached XP level 6. HP: 37/56 MP: 6/6
  2658 | D:4      | Found Aduxoz's Assorted Antiques.
  2663 | D:4      | Gained mutation: You have a pair of small horns on your head. [mutagenic meat]
  2684 | D:4      | Found a staircase to the Ecumenical Temple.
  2813 | D:4      | Reached skill level 5 in Armour
  2959 | D:4      | Lost mutation: You have a pair of small horns on your head. [potion of cure mutation]
  3383 | D:5      | Entered Level 5 of the Dungeon
  3400 | D:5      | Reached XP level 7. HP: 63/63 MP: 7/7
  3430 | D:5      | Found a blossoming altar of Fedhas.
  3569 | D:5      | Reached skill level 5 in Axes
  3698 | D:5      | Found a glowing silver altar of Zin.
  3720 | D:5      | Found a burning altar of Makhleb.
  3724 | D:5      | Found a glowing silver altar of Zin.
  3762 | D:5      | Found a sparkling altar of Nemelex Xobeh.
  3850 | D:5      | Reached skill level 6 in Shields
  3875 | D:5      | Found a sacrificial altar of Ru.
  4184 | D:6      | Reached XP level 8. HP: 51/72 MP: 8/8
  4486 | D:6      | Reached skill level 7 in Shields
  4841 | D:7      | Found a bloodstained altar of Trog.
  4857 | D:7      | Gained mutation: You passively map the area around you. [Deep Dwarf growth]
  4857 | D:7      | Reached XP level 9. HP: 14/80 MP: 9/9
  5065 | D:7      | Found a sparkling altar of Nemelex Xobeh.
  5121 | D:7      | Slain by an ogre

Vault maps used:
D:1:      evilmike_arrival_run_for_it, minivault_4
D:2:      ashenzari_altar_1
D:3:      grunt_ministairs_14, minmay_misc_feat_iff, makhleb_heckhound_becter
D:4:      minmay_temple_entry_hall, serial_shops, shop_fountains
D:5:      kennysheep_little_box, minmay_overflow_temple_star_quad,
          lemuel_doored_altar, first_bread, basic_altar
D:7:      trog_ov_bears_minmay, kennysheep_mini_moat, lemuel_crystal_altar,
          basic_altar

Action                   |  1- 3 |  4- 6 |  7- 9 || total
-------------------------+-------+-------+-------++-------
Melee: War axe           |   149 |   202 |   249 ||   600
Evoke: Wand              |     1 |     4 |     7 ||    12
  Use: Scroll            |     1 |    16 |     3 ||    20
       Potion            |       |     4 |     2 ||     6
  Eat: Meat ration       |     1 |     1 |       ||     2
       Chunk             |       |     1 |       ||     1
       Royal jelly       |       |       |     1 ||     1
       Pizza             |       |       |     1 ||     1
